 Dungeon Crawl Stone Soup version 0.22-a0-460-g49b1da7 (webtiles) character file.

177 4thArraOfDagon the Chopper (level 5, 0/47 HPs)
             Began as a Hill Orc Fighter on June 9, 2018.
             Succumbed to a worker ant's poison
             ... on level 4 of the Dungeon.
             The game lasted 00:01:25 (397 turns).

4thArraOfDagon the Chopper (Hill Orc Fighter)        Turns: 397, Time: 00:01:25

Health: 0/47       AC:  7    Str: 19    XL:     5   Next: 57%
Magic:  5/5        EV:  9    Int:  9    God:
Gold:   85         SH:  0    Dex: 10    Spells: 4/4 levels left

rFire    . . .     SeeInvis .   a - +0 war axe
rCold    . . .     Gourm    .   (no shield)
rNeg     . . .     Faith    .   b - +0 scale mail
rPois    .         Spirit   .   (no helmet)
rElec    .         Reflect  .   (no cloak)
rCorr    .         Harm     .   (no gloves)
MR       .....                  (no boots)
Stlth    ..........             (no amulet)
HPRegen  0.15/turn              (no ring)
MPRegen  0.09/turn              (no ring)

@: lethally poisoned (0 -> -10)
A: no striking features
a: no special abilities


You were on level 4 of the Dungeon.
You were not hungry.

You visited 1 branch of the dungeon, and saw 4 of its levels.

You collected 85 gold pieces.

Inventory:

Hand Weapons
 a - a +0 war axe (weapon)
Armour
 b - a +0 scale mail (worn)
Magical Staves
 j - an uncursed staff of death
Jewellery
 g - an uncursed ring of ice
Scrolls
 c - a scroll of identify {unknown}
 d - a scroll of remove curse {unknown}
 h - a scroll of immolation {unknown}
 k - a scroll of teleportation {unknown}
Comestibles
 f - 2 rations


   Skills:
 + Level 4.8 Fighting
 * Level 5.6 Axes
 + Level 4.3 Armour
   Level 3.2 Shields


You had 4 spell levels left.
You didn't know any spells.
Your spell library was empty.

Dungeon Overview and Level Annotations

Branches:
Dungeon (4/15)
 Temple: D:4-7

Altars:
Ashenzari


Message History

The worker ant bites you.
* * * LOW HITPOINT WARNING * * *
You closely miss the worker ant.
The worker ant is lightly wounded.
The worker ant bites you.
* * * LOW HITPOINT WARNING * * *
You are poisoned.
The worker ant poisons you! The worker ant closely misses you.
You hit the worker ant.
The worker ant is heavily wounded.
You feel sick. The worker ant bites you.
* * * LOW HITPOINT WARNING * * *
You are more poisoned.
The worker ant poisons you!
You slash the worker ant!
You kill the worker ant!
* * * LOW HITPOINT WARNING * * *
You feel sick.
You feel a little less mighty now.
You die...

#####.#####........#
######..............#
#..........#.......>.
###..........#####.....
##............# ##...#
#....##......## ###..
#....##......# #.#
#............# #
#...#..@#...##
.............#
####....#...##
#.........# ##...######
#...# ##.## #.


There were no monsters in sight!

Vanquished Creatures
  An ogre (D:4)
  A worker ant (D:4)
  An orc wizard (D:4)
  2 adders
  A worm (D:3)
  A dart slug (D:2)
  3 orcs
  2 giant cockroaches
  2 goblins
  3 jackals (D:2)
  3 bats
  2 frilled lizards
22 creatures vanquished.

Notes
Turn   | Place    | Note
-------+----------+-------------------------------------------
     0 | D:1      | 4thArraOfDagon the Hill Orc Fighter began the quest for the Orb.
     0 | D:1      | Reached XP level 1. HP: 19/19 MP: 1/1
    74 | D:1      | Reached skill level 3 in Axes
   102 | D:2      | Reached XP level 2. HP: 23/27 MP: 2/2
   204 | D:3      | Reached XP level 3. HP: 18/33 MP: 3/3
   352 | D:4      | Noticed an ogre
   358 | D:4      | Reached skill level 4 in Axes
   362 | D:4      | Killed an ogre
   362 | D:4      | Reached skill level 5 in Axes
   362 | D:4      | Reached XP level 4. HP: 11/41 MP: 4/4
   362 | D:4      | Reached XP level 5. HP: 12/47 MP: 5/5
   373 | D:4      | Found a shattered altar of Ashenzari.
   395 | D:4      | HP: 2/47 [worker ant (4)]
   397 | D:4      | Succumbed to a worker ant's poison

Vault maps used:
D:1:      dpeg_arrival_connections
D:2:      lemuel_round_altar
D:3:      chequers_ecumenical_altar_simple_redux
D:4:      tso_altar, serial_shops, shop, shop, shop, shop,
          evilmike_ruin_ashenzari

Skill      XL: |  1  2  3 |
---------------+----------+-----
Axes           | 3 5 |  5.6
Fighting       | 4 |  4.8
Armour         | 4 |  4.3
Shields        | |  3.2

Action                   |  1- 3 |  4- 6 || total
-------------------------+-------+-------++-------
Melee: War axe           |    62 |     6 ||    68
  Use: Potion            |     3 |       ||     3
Armor: Scale mail        |    53 |       ||    53
Dodge: Dodged            |    36 |     1 ||    37
Block: Shield            |    40 |       ||    40

Table legend:
 A = Spawn XP
 B = Non-spawn XP
 C = Spawn XP percentage of total XP
 D = Spawn monster count
 E = Non-spawn monster count
 F = Spawn count percentage of total count
 G = Total turns spent on level
                    A         B        C        D         E        F      G
               +---------+---------+-------+---------+---------+-------+---------
         Total |       0 |     254 |   0.0 |       0 |      22 |   0.0 |   397
               +---------+---------+-------+---------+---------+-------+---------
           D:1 |       0 |       3 |   0.0 |       0 |       2 |   0.0 |    67
           D:2 |       0 |      30 |   0.0 |       0 |       9 |   0.0 |   131
           D:3 |       0 |      12 |   0.0 |       0 |       4 |   0.0 |   150
           D:4 |       0 |     209 |   0.0 |       0 |       7 |   0.0 |    49
               +---------+---------+-------+---------+---------+-------+---------
